Map: [ESL] Stargazers

Players

ShoWTimE

  • Race: Protoss Protoss
  • Spawn Location: 1:00

Serral - Winner!

  • Race: Zerg Zerg
  • Spawn Location: 11:00

Event: HomeStory Cup XXII

VOD

Have the link to the VOD?

Description

Time

  • Played on: Dec. 17, 2022, 4:59 p.m.
  • Length: 4:40

All games in this series

Show
View Real Time Build Order
Export as new Build Order

ShoWTimE Protoss 

Build Orders: 1 Gate Expand, Oracle Opening 

Get SALT Encoding   

  12  0:00  Probe  
  13  0:12  Probe  
  14  0:19  Pylon  
  14  0:24  Probe  
  15  0:37  Probe (Chrono Boost)  
  15  0:40  Gateway  
  16  0:46  Probe (Chrono Boost)  
  16  0:49  Assimilator  
  17  0:51  Probe  
  18  1:03  Probe  
  19  1:15  Probe  
  20  1:27  Cybernetics Core  
  20  1:36  Nexus  
  20  1:38  Probe  
  21  1:43  Assimilator  
  21  1:49  Pylon  
  21  1:52  Probe  
  22  2:04  Adept (Chrono Boost)  
  22  2:05  Probe  
  25  2:17  Probe  
  25  2:21  Stargate  
  26  2:25  Adept (Chrono Boost)  
  29  2:33  Shield Battery  
  29  2:36  Warp Gate (Chrono Boost)  
  28  2:43  Gateway  
  27  2:49  Adept  
  29  3:00  Shield Battery  
  29  3:04  Oracle (Chrono Boost)  
  32  3:13  Shield Battery  
  32  3:19  Adept  
  32  3:35  Oracle (Chrono Boost)  
  35  3:44  Pylon  
  35  3:47  Pylon  
  35  3:54  Shield Battery  
  35  4:05  Pylon  
  34  4:11  Shield Battery  
  34  4:19  Adept  
  34  4:22  Adept  
Show
View Real Time Build Order
Export as new Build Order

Serral Zerg - Winner!

Build Orders: Hatch First 

Get SALT Encoding   

  12  0:00  Drone  
  13  0:11  Overlord  
  13  0:17  Drone  
  14  0:30  Drone x2  
  14  0:35  Drone  
  17  0:54  Hatchery  
  16  0:58  Drone  
  16  1:01  Drone  
  18  1:04  Extractor  
  17  1:16  Spawning Pool  
  16  1:19  Drone  
  16  1:23  Drone  
  18  1:27  Drone  
  19  1:39  Drone  
  20  1:50  Overlord  
  20  2:03  Queen  
  20  2:06  Metabolic Boost, Queen  
  24  2:09  Zergling x2  
  24  2:12  Zergling x2  
  24  2:15  Zergling x2  
  27  2:17  Zergling x2  
  28  2:23  Overlord  
  28  2:27  Zergling x2  
  29  2:33  Zergling x2  
  30  2:38  Zergling x2  
  30  2:42  Queen  
  33  2:46  Zergling x2  
  34  2:52  Spore Crawler  
  34  2:53  Zergling x2  
  34  2:54  Zergling x2  
  36  3:00  Zergling x2  
  37  3:05  Overlord  
  37  3:12  Baneling Nest  
  36  3:13  Zergling x4  
  38  3:22  Queen  
  39  3:29  Zergling x2  
  39  3:30  Zergling x2  
  40  3:39  Zergling x6  
  42  3:45  Spore Crawler  
  41  3:50  Zergling x4  
  43  3:59  Zergling x6  
  46  4:05  Zergling x2  
  46  4:06  Zergling x2  
  47  4:10  Baneling x3  
  47  4:11  Baneling  
  47  4:17  Baneling  
  47  4:18  Baneling x2  
  47  4:22  Zergling x4  
Tags
 
Add a new tag
Caveats
  • Supply blocks, unpowered buildings, or Contaminate may cause inaccurate times.
  • Supply counts are checked every 10 seconds.